 Dungeon Sprint DCSS version 0.20-a0-876-g2c7b0bf (webtiles) character file.

4684 esc the Grappler (level 10, -8/115 HPs)
             Began as a Troll Berserker on Mar 15, 2017.
             Was a High Priest of Trog.
             Mangled by a spriggan berserker
             ... wielding a +1 antimagic flail
              (19 damage)
             ... in the Dungeon (Sprint IV: "Fedhas' Mad Dash").
             The game lasted 00:05:02 (1549 turns).

esc the Grappler (Troll Berserker)                  Turns: 1549, Time: 00:05:03

Health: -8/115     AC:  6    Str: 27    XL:     10   Next: 21%
Magic:  0/9        EV: 16    Int:  3    God:    Trog [*****.]
Gold:   101        SH:  0    Dex: 12    Spells: 9/9 levels left

rFire    . . .     SeeInvis .     - Unarmed
rCold    . . .     Gourm    +   a - +0 animal skin
rNeg     . . .     Faith    .   (no shield)
rPois    .         Spirit   .   (helmet restricted)
rElec    .         Reflect  .   n - +0 cloak (curse)
rCorr    .         Harm     .   (gloves unavailable)
MR       +....     NoTele   +   (boots unavailable)
Stlth    +.........             i - amulet of invisibility {+Inv}
Regen    0.7/turn               (no ring)
MPRegen  0.2/turn               r - ring of protection from magic {MR+, !d}

@: exhausted, slowed, very slow
A: unfitting armour, claws 3, fast metabolism 3, gourmand, regeneration 1,
shaggy fur 1, tough skin 2
a: Berserk, Trog's Hand, Brothers in Arms, Burn Spellbooks, Renounce Religion,
Evoke Invisibility


You were in the Dungeon.
You worshipped Trog.
Trog was extremely pleased with you.
You were near starving.

You visited 1 branch You collected 213 gold pieces.
You spent 112 gold pieces at shops.

Inventory:

Armour
 a - a +0 animal skin (worn)
 n - a cursed +0 cloak (worn)
   (You bought it in a shop in the Dungeon)
Jewellery
 i - the amulet of invisibility (around neck) {+Inv}
   (You found it in the Dungeon)

   [amulet of nothing]

   It lets you turn invisible.
 r - a ring of protection from magic (left claw) {MR+, !d}
   (You found it in the Dungeon)
Scrolls
 h - a scroll of blinking {!r}
 j - a scroll of enchant weapon {unknown}
 l - a scroll of enchant armour {unknown}
 p - a scroll of magic mapping {unknown}
Potions
 c - a potion of curing
 d - a potion of heal wounds
 e - a potion of haste
 f - 2 potions of magic
 g - a potion of berserk rage {!q}
 k - a potion of flight {unknown}
 q - a potion of invisibility {unknown}
Books
 m - a book of the Dragon
   (You found it in the Dungeon)
 o - a book of Cantrips
   (You found it in the Dungeon)
Comestibles
 b - 3 bread rations {@e1}


   Skills:
 + Level 11.8 Fighting
 - Level 3.7 Armour
 + Level 11.8 Dodging
 + Level 13.7 Unarmed Combat


You had 9 spell levels left.
You didn't know any spells.

Dungeon Overview and Level Annotations

Branches:
Dungeon (1/1)

Altars:
Cheibriados
Dithmenos
Elyvilon
Gozag
Hepliaklqana
Kikubaaqudgha
Makhleb
Nemelex Xobeh
Okawaru
Qazlal
Ru
Sif Muna
Trog
Uskayaw
Vehumet
Wu Jian
Xom
Yredelemnul
Zin
The Shining One
Beogh
Jiyva
Lugonu

Shops:
D ([([

Annotations:
D exclusion: oklob plant


Innate Abilities, Weirdness & Mutations

You are too large for most types of armour.
You have claws for hands.
Your metabolism is lightning-fast.
You like to eat raw meat.
Your natural rate of healing is unusually fast.
You are covered in fur. (AC +1)
You have very tough skin. (AC +2)


Message History

MASSIVE DAMAGE!!
You mangle the oklob plant conjurer!!
You destroy the oklob plant conjurer!
Trog accepts your kill. Something appears at your feet! Trog grants you a gift!
Trog appreciates your killing of a magic user.
Your Unarmed Combat skill increases to level 13!
You now have 101 gold pieces (gained 11).
You see here a bloodstained triple crossbow {god gift}.
o - a book of Cantrips You start resting.
You flicker for a moment.
You start resting.
You flicker back into view.
You regained 4 hp, and now have 87/105 hp.
You start resting.
Health restored: 105; MP restored: 8 You start waiting.
Your magical contamination has completely faded away.
You open the door.
A ballistomycete spore comes into view.
There is an open door here.
The helpless ballistomycete spore fails to defend itself.
You eviscerate the ballistomycete spore!!!
The ballistomycete spore explodes!
The explosion of spores engulfs you!
You are confused.
You take 20 damage, and have 85/105 hp.
You start resting.
You feel less confused.
You start resting.
Health restored: 105 You see here 19 bolts.
As you open the door, it creaks loudly!
Agnes the Wanderer comes into view.
She is wielding a lajatang of electrocution.
Okay, then.
Agnes shouts!
You fail to use your ability.
Your ogre goes berserk!
You are feeling hungry.
Agnes barely misses you.
Your ogre hits Agnes with a giant spiked club!!
A red film seems to cover your vision as you go berserk!
You feel yourself moving faster!
You feel mighty!
You are feeling very hungry.
You are near starving!
Agnes hits you with a lajatang of electrocution!!
You are electrocuted!
Your ogre hits Agnes with a giant spiked club!!
Agnes hits you with a lajatang of electrocution!
You now have 105/157 hp.
You claw Agnes!
Agnes hits you with a lajatang of electrocution!
Your ogre barely misses Agnes.
You take 9 damage, and have 96/157 hp.
You mangle Agnes!! Your claw misses Agnes. You closely miss Agnes.
Agnes misses you.
Your ogre hits Agnes with a giant spiked club.
You strike the helpless Agnes from behind!
You claw Agnes!
Agnes hits you with a lajatang of electrocution!
You take 16 damage, and have 80/157 hp.
You claw Agnes!
You kill Agnes!
Trog accepts your kill.
You have reached level 10!
You regained 8 hp, and now have 88/172 hp.
MP restored: 9
Things that are here:
a lajatang of electrocution; a robe There isn't anything to butcher here.
You feel a strong urge to attack something.
Your ogre rages.
The door flies open with a bang!
An oklob plant comes into view.
You are no longer berserk.
You are exhausted.
You feel yourself slow down.
You hear a shout!
The oklob plant spits acid at you. The splash of acid hits your ogre.
Your ogre is splashed with acid.
The acid corrodes your ogre!
You now have 60/115 hp.
Unknown command.
The oklob plant spits acid at you. The splash of acid hits you!
You are splashed with acid!
The acid burns!
A spriggan berserker comes into view. It is wielding an antimagic flail.
You take 20 damage, and have 40/115 hp.
Unknown command.
Which direction?
You close the door.
The spriggan berserker utters an invocation to Trog.
The spriggan berserker goes berserk!
You fail to use your ability.
The spriggan berserker hits you with an antimagic flail!!
* * * LOW HITPOINT WARNING * * *
You feel your power leaking away.
The spriggan berserker hits you with an antimagic flail!!
You die...

##############################
#.⌠._._._._.⌠.#..)...#....##∩#
'.._._._._._..'.)#...#....'..#
#..._._._._...#..###'##...##∩#
#.._._._._._..#.)##∩∩.'...####
#._._._._._.⌠.#############
###################O.P.?
#♣♣♣♣♣..♣[###.'.(+.....?
......♣..♣##..#)@#
♣..♣♣♣.♣).###)##i#
.♣♣..♣...♣'...#♣.♣ #
#############... ♣..♣ ....
♣.... #####


You could see a spriggan berserker (berserk).

Vanquished Creatures
  Agnes (D)
  A spriggan druid (D)
  3 oklob plants (D)
  3 burning bushes (D)
  3 wandering mushrooms (D)
  2 scorpions (D)
  3 killer bees (D)
  5 oklob saplings (D)
  A worker ant (D)
  2 spriggans (D)
  A river rat (D)
  A rat (D)
  A ballistomycete spore (D)
27 creatures vanquished.

Vanquished Creatures (collateral kills)
  A queen bee (D)
  A killer bee (D)
2 creatures vanquished.

Grand Total: 29 creatures vanquished

Notes
Turn   | Place    | Note
-------+----------+-------------------------------------------
     0 | D        | esc the Troll Berserker began the quest for the Orb.
     0 | D        | Reached XP level 1. HP: 22/22 MP: 0/0
     9 | D        | Reached skill level 3 in Fighting
     9 | D        | Reached skill level 3 in Dodging
     9 | D        | Reached XP level 2. HP: 31/31 MP: 1/1
    19 | D        | Noticed an oklob sapling
    19 | D        | HP: 6/31 [acid (10)]
    81 | D        | Reached ** piety under Trog
    81 | D        | Reached skill level 4 in Unarmed Combat
    81 | D        | Reached XP level 3. HP: 30/39 MP: 2/2
   129 | D        | Killed an oklob sapling
   129 | D        | Reached skill level 4 in Fighting
   129 | D        | Reached skill level 4 in Dodging
   129 | D        | Reached skill level 5 in Unarmed Combat
   233 | D        | Found an opulent altar of Gozag.
   233 | D        | Found a hazy altar of Hepliaklqana.
   233 | D        | Found a burning altar of Makhleb.
   233 | D        | Found a roughly hewn altar of Beogh.
   233 | D        | Found a sparkling altar of Nemelex Xobeh.
   233 | D        | Found a snail-covered altar of Cheibriados.
   233 | D        | Found a sacrificial altar of Ru.
   233 | D        | Found a deep blue altar of Sif Muna.
   233 | D        | Found a shimmering altar of Xom.
   233 | D        | Found a basalt altar of Yredelemnul.
   234 | D        | Found a viscous altar of Jiyva.
   234 | D        | Found a bloodstained altar of Trog.
   234 | D        | Found an ornate altar of the Wu Jian Council.
   234 | D        | Noticed an oklob sapling priest
   235 | D        | Found an iron altar of Okawaru.
   235 | D        | Found a shadowy altar of Dithmenos.
   235 | D        | Found a glowing silver altar of Zin.
   236 | D        | Found an ancient bone altar of Kikubaaqudgha.
   236 | D        | Found a hide-covered altar of Uskayaw.
   237 | D        | Found a stormy altar of Qazlal.
   237 | D        | Found a white marble altar of Elyvilon.
   237 | D        | Found a glowing golden altar of the Shining One.
   238 | D        | Found a corrupted altar of Lugonu.
   238 | D        | Found a radiant altar of Vehumet.
   244 | D        | HP: 4/39 [acid (14)]
   249 | D        | Killed an oklob sapling priest
   249 | D        | Reached skill level 5 in Fighting
   249 | D        | Reached skill level 5 in Dodging
   249 | D        | Reached skill level 6 in Unarmed Combat
   249 | D        | Reached XP level 4. HP: 8/50 MP: 1/3
   334 | D        | Reached *** piety under Trog
   334 | D        | Reached XP level 5. HP: 46/57 MP: 1/4
   371 | D        | Reached skill level 7 in Unarmed Combat
   372 | D        | Reached skill level 6 in Fighting
   372 | D        | Reached skill level 6 in Dodging
   414 | D        | Found Mutwon's Antique Armour Shop.
   415 | D        | Found Usuergh's Weapon Emporium.
   482 | D        | Noticed a burning bush
   482 | D        | Noticed a wandering mushroom
   483 | D        | Noticed a wandering mushroom
   486 | D        | Killed a wandering mushroom
   486 | D        | Reached **** piety under Trog
   486 | D        | Reached skill level 7 in Fighting
   486 | D        | Reached skill level 7 in Dodging
   486 | D        | Reached skill level 8 in Unarmed Combat
   486 | D        | Reached XP level 6. HP: 71/71 MP: 2/5
   489 | D        | Reached skill level 9 in Unarmed Combat
   492 | D        | Killed a burning bush
   492 | D        | Reached skill level 8 in Fighting
   492 | D        | Reached skill level 8 in Dodging
   492 | D        | Reached XP level 7. HP: 81/81 MP: 2/6
   497 | D        | Killed a wandering mushroom
   497 | D        | Reached skill level 10 in Unarmed Combat
   502 | D        | Found Joerenam's Weapon Shoppe.
   503 | D        | Found Nyonatux's Antique Armour Emporium.
   514 | D        | Bought a cloak for 112 gold pieces
   560 | D        | Reached ***** piety under Trog
   732 | D        | Noticed a queen bee
   746 | D        | Reached skill level 9 in Dodging
   746 | D        | Reached XP level 8. HP: 87/91 MP: 7/7
   791 | D        | Reached skill level 9 in Fighting
   791 | D        | Reached skill level 1 in Armour
   795 | D        | Killed a queen bee
   795 | D        | Reached skill level 2 in Armour
   854 | D        | Noticed an oklob plant
   859 | D        | Killed an oklob plant
   859 | D        | Reached skill level 3 in Armour
   859 | D        | Reached skill level 11 in Unarmed Combat
   970 | D        | Noticed a burning bush
   976 | D        | Killed a burning bush
   976 | D        | Received a gift from Trog
   976 | D        | Reached skill level 10 in Dodging
  1084 | D        | Noticed a burning bush
  1084 | D        | Noticed an oklob plant
  1124 | D        | Noticed a wandering mushroom
  1128 | D        | Killed a burning bush
  1128 | D        | Reached skill level 10 in Fighting
  1128 | D        | Reached XP level 9. HP: 99/101 MP: 5/8
  1138 | D        | Killed an oklob plant
  1138 | D        | Reached skill level 12 in Unarmed Combat
  1140 | D        | Killed a wandering mushroom
  1279 | D        | Noticed a spriggan druid
  1283 | D        | Killed a spriggan druid
  1283 | D        | Reached skill level 11 in Fighting
  1283 | D        | Reached skill level 11 in Dodging
  1400 | D        | Noticed an oklob plant conjurer
  1404 | D        | Killed an oklob plant conjurer
  1404 | D        | Received a gift from Trog
  1404 | D        | Reached skill level 13 in Unarmed Combat
  1533 | D        | Noticed Agnes
  1543 | D        | Killed Agnes
  1543 | D        | Reached XP level 10. HP: 87/115 MP: 9/9
  1546 | D        | Noticed an oklob plant
  1548 | D        | Noticed a spriggan berserker
  1549 | D        | HP: 11/115 [spriggan berserker/antimagic flail (32)]
  1549 | D        | Mangled by a spriggan berserker

Vault maps used:
D:        dungeon_sprint_fedhas

Skill      XL: |  1  2  3  4  5  6  7  8  9 |
---------------+----------------------------+-----
Fighting       | 3 5 7 8 10 11 | 11.8
Dodging        | 3 5 7 8 9 10 11 | 11.8
Unarmed Combat | 4 6 8 9 10 11 13 | 13.7
Armour         | 3 |  3.7

Action                   |  1- 3 |  4- 6 |  7- 9 | 10-12 || total
-------------------------+-------+-------+-------+-------++-------
Melee: Unarmed           |    22 |    17 |    44 |       ||    83
       Punch             |       |     1 |     6 |       ||     7
Invok: Berserk           |       |     1 |     3 |       ||     4
       Brothers in Arms  |       |       |     2 |       ||     2
 Abil: Evoke Invisibilit |     2 |     2 |     5 |       ||     9
 Stab: Sleeping          |       |     1 |     2 |       ||     3
       Invisible         |       |     1 |     4 |       ||     5
       Distracted        |       |       |     1 |       ||     1
  Eat: Chunk             |     4 |     3 |       |       ||     7
       Royal jelly       |       |       |     3 |       ||     3
       Bread ration      |       |       |     1 |       ||     1
Armor: Animal skin       |     4 |     1 |     2 |       ||     7
Dodge: Dodged            |    10 |     1 |    20 |       ||    31

Vault maps used:
D:        dungeon_sprint_fedhas

Table legend:
 A = Turns spent in this place as a percentage of turns spent in the entire game.
 B = Non-inter-level travel turns spent in this place as a percentage of non-inter-level travel turns spent in the entire game.
 C = Inter-level travel turns spent in this place as a percentage of turns spent in this place.
 D = Turns resting spent in this place as a percentage of non-inter-level travel turns spent in this place.
 E = Turns spent auto-exploring this place as a percentage of non-inter-level travel turns spent in this place.
 F = Non-inter-level travel turns spent in this place divided by the number of levels of this place that you've seen.
                   A       B       C       D       E      F
               +-------+-------+-------+-------+-------+----------------------
         Total | 100.0 | 100.0 |   0.2 |  15.2 |   0.0 | 446.0
       Dungeon | 100.0 | 100.0 |   0.2 |  15.2 |   0.0 | 446.0
               +-------+-------+-------+-------+-------+----------------------

Table legend:
 A = Kills in this place as a percentage of kills in entire the game.
 B = Kills by you in this place as a percentage of kills by you in the entire game.
 C = Kills by friends in this place as a percentage of kills by friends in the entire game.
 D = Other kills in this place as a percentage of other kills in the entire game.
 E = Experience gained in this place as a percentage of experience gained in the entire game.
 F = Experience gained in this place divided by the number of levels of this place that you have seen.
                   A       B       C       D       E      F
               +-------+-------+-------+-------+-------+----------------------
         Total | 100.0 | 100.0 | 100.0 |  -nan | 100.0 | 6692.0
       Dungeon | 100.0 | 100.0 | 100.0 |  -nan | 100.0 | 6692.0
               +-------+-------+-------+-------+-------+----------------------
